 Dungeon Crawl Stone Soup version 0.31.0-10-gcf4a605ca0 (webtiles) character file.

Game seed: 12589919936092608465

18250 Zirda the Unseen (level 12, -3/88 HPs)
             Began as a Vampire Enchanter on Jan 25, 2024.
             Was an Initiate of Ru.
             Slain by a two-headed ogre
             ... wielding a +0 giant spiked club
              (18 damage)
             ... on level 11 of the Dungeon.
             The game lasted 00:28:55 (10402 turns).

Zirda the Unseen (Vampire Enchanter)               Turns: 10402, Time: 00:28:55

Health: -3/88      AC: 10    Str:  7    XL:     12   Next: 26%
Magic:  19/30      EV: 16    Int: 22    God:    Ru [......]
Gold:   844        SH:  0    Dex: 15    Spells: 18/23 levels left

rFire   + . .        f - +3 dagger (elec)
rCold   . . .        (no shield)
rNeg    . . .        g - +0 acid dragon scales
rPois   .            r - +2 hat
rElec   .            M - +0 cloak
rCorr   +            w - +0 pair of gloves
SInv    +            (no boots)
Will    +....        E - amulet of regeneration
Stlth   ++++++       q - ring of magical power
HPRegen 1.34/turn    s - ring of protection from fire
MPRegen 0.22/turn

%: no passive effects
@: healing quickly
A: alive, fangs 3, see invisible, vampiric 2
a: Exsanguinate, Renounce Religion


You were on level 11 of the Dungeon.
You worshipped Ru.
Ru was noncommittal.
You visited 2 branches of the dungeon, and saw 13 of its levels.
You also visited: Ossuary.

You collected 924 gold pieces.
You spent 80 gold pieces at shops.

Inventory:

Hand Weapons
 a - a +1 dagger
 f - a +3 dagger of electrocution (weapon)
 O - a +0 rapier of freezing
Missiles
 n - a throwing net
Armour
 g - +0 acid dragon scales (worn)
 r - a +2 hat (worn)
 w - a +0 pair of gloves (worn)
 x - a +2 robe of willpower
 M - a +0 cloak (worn)
Jewellery
 h - an amulet of guardian spirit
 q - a ring of magical power (left hand)
 s - a ring of protection from fire (right hand)
 y - a +6 ring of strength
 E - an amulet of regeneration (around neck)
 F - a +6 ring of strength
 H - an amulet of magic regeneration
 J - a ring of protection from fire
 L - a ring of wizardry
 P - a ring of protection from fire
 S - a ring of poison resistance
Wands
 K - a wand of flame (5)
 N - a wand of mindburst (11)
Scrolls
 e - 2 scrolls of enchant weapon
 j - 3 scrolls of enchant armour
 k - 4 scrolls of noise
 m - a scroll of amnesia
 p - 7 scrolls of teleportation {@r3}
 u - 2 scrolls of silence {!r}
 B - 2 scrolls of fog {@r2}
 D - 2 scrolls of immolation
 Q - a scroll of vulnerability {unknown}
 R - 4 scrolls of identify {@r1}
Potions
 b - 2 potions of might {@q3}
 c - 6 potions of mutation
 d - 2 potions of attraction
 i - 8 potions of curing {@q2}
 o - a potion of haste {@q5}
 t - 2 potions of degeneration
 v - 2 potions of heal wounds {@q1}
 z - 3 potions of brilliance
 A - a potion of lignification
 C - a potion of experience
 G - 2 potions of resistance
 I - a potion of cancellation


   Skills:
 - Level 6.0 Fighting
 - Level 10.0 Short Blades
 + Level 12.5 Dodging
 - Level 15.0 Stealth
 - Level 6.0 Spellcasting
 - Level 10.0 Hexes


You had 18 spell levels left.
You knew the following spells:

 Your Spells              Type           Power      Damage    Failure   Level
c - Confusing Touch       Hex            50%        N/A       1%          3
e - Ensorcelled Hibernat  Hex/Ice        56%        N/A       3%          2

Your spell library contained the following spells:

 Spells                   Type           Power      Damage    Failure   Level
 Tukima's Dance           Hex            50%        N/A       1%          3
 Dazzling Flash           Conj/Hex       56%        N/A       7%          3
 Anguish                  Hex/Necr       14%        N/A       22%         4
 Momentum Strike          Conj/Tloc      12%        3d8       26%         2
 Static Discharge         Conj/Air       12%        3-4/arc   26%         2
 Fugue of the Fallen      Necr           6%         N/A       45%         3
 Swiftness                Air            6%         N/A       45%         3
 Silence                  Hex/Air        14%        N/A       52%         5
 Summon Mana Viper        Hex/Summ       28%        N/A       52%         5
 Airstrike                Air            3%         2d(1-17)  86%         4
 Animate Dead             Necr           6%         N/A       86%         4
 Brom's Barrelling Bould  Conj/Erth      6%         2d3       86%         4
 Summon Lightning Spire   Summ/Air       6%         N/A       86%         4
 Borgnjor's Vile Clutch   Necr/Erth      3%         N/A       99%         5
 Fireball                 Conj/Fire      3%         3d4       99%         5
 Iskenderun's Battlesphe  Conj           6%         2d6       99%         5
 Summon Forest            Summ/Tloc      3%         N/A       99%         5
 Conjure Ball Lightning   Conj/Air       3%         3x3d6     100%        6
 Death Channel            Necr           3%         N/A       100%        6
 Summon Cactus Giant      Summ           3%         N/A       100%        6
 Orb of Destruction       Conj           3%         9d5       100%        7


Dungeon Overview and Level Annotations

Branches:
Dungeon (12/15)            Temple (1/1) D:5            Lair (0/5) D:11
Ossuary (visited)
    Orc: D:9-12

Altars:
Ashenzari
Cheibriados
Dithmenos
Fedhas
Gozag
Hepliaklqana
Kikubaaqudgha
Makhleb
Nemelex Xobeh
Okawaru
Qazlal
Ru
Sif Muna
Trog
Uskayaw
Vehumet
Wu Jian
Xom
Yredelemnul

Shops:
D:4 !

Annotations:
D:10 2 transporters
D:12 1 runed translucent door


Innate Abilities, Weirdness & Mutations

Your natural rate of healing is accelerated.
You have razor-sharp teeth.
You have supernaturally acute eyesight. (SInv)
You are afflicted with vampirism and can become a bat while bloodless.


Message History

You hit the boulder beetle but do no damage.
The boulder beetle is moderately wounded.
The boulder beetle is engulfed in poison gas.
The boulder beetle looks as sick as possible!
The boulder beetle barely misses you.
You hit the boulder beetle but do no damage.
The boulder beetle is heavily wounded.
Unknown command.
You hit the boulder beetle but do no damage.
The boulder beetle is heavily wounded.
The boulder beetle is engulfed in poison gas.
The boulder beetle looks as sick as possible!
The boulder beetle closely misses you.
You hit the boulder beetle but do no damage.
You bite the boulder beetle.
The boulder beetle is severely wounded.
Unknown command.
You hit the boulder beetle but do no damage.
The boulder beetle appears confused.
You bite the boulder beetle, but do no damage.
The boulder beetle is severely wounded.
A boulder beetle comes into view.
The boulder beetle is engulfed in poison gas.
The boulder beetle looks as sick as possible!
Casting: Confusing Touch (safe; 1% risk of failure)
Confirm with . or Enter, or press ? or * to list all spells.
Aiming: Ensorcelled Hibernation (safe; 3% risk of failure)
Press: ? - help, Shift-Dir - straight line, f - two-headed ogre, p - orc
Aim: a two-headed ogre, wielding two +0 giant spiked clubs (poison gas, chance to affect: 41%)
The two-headed ogre looks drowsy...
You kill the boulder beetle!
The boulder beetle is engulfed in poison gas.
The boulder beetle is poisoned.
The two-headed ogre is engulfed in poison gas.
The two-headed ogre is poisoned.
The two-headed ogre shouts in stereo!
The two-headed ogre hits you with a +0 giant spiked club!!
* * * LOW HITPOINT WARNING * * *
The two-headed ogre hits you with a +0 giant spiked club!!
You die...

#.# #§####### #########
#§§°#..§###........
###§§###☼##.........
#.§§§.○§○.#......)..
#§#§§§○##○#.##.#>...
#§#○#§§○○§○.##.#.##.
#§§§☼○☼°#....#...##.
###@###....#.....##.
#O#......#.....###
###B...#.#..........
#####.○.°☼...#.##....###
#.....########..'....#
#.##.o# ####....# #...#
#....# #.... ######
#...#


You could see a boulder beetle (poisoned) and a two-headed ogre (poisoned).

Vanquished Creatures
  4 boulder beetles
  3 two-headed ogres
  A deep troll (D:11)
  An ugly thing (D:12)
  A manticore (D:11)
  A cyclops (D:12)
  A gargoyle (D:12)
  4 kobold demonologists (D:11)
  An unseen horror (D:11)
  2 trolls
  Grinder (D:5)
  Sigmund (D:3)
  4 wyverns
  A shadow (D:12)
  18 yaks
  3 wraiths
  Grum (D:9)
  An unseen horror simulacrum (D:9)
  6 vampire mosquitoes (D:12)
  3 acid dragons
  7 water moccasins
  3 orc warriors
  A sky beast (D:7)
  2 ogres
  4 ice beasts
  3 centaurs
  4 black bears
  4 wolves
  A kobold brigand (D:9)
  2 bullfrogs
  2 gnoll sergeants
  3 scorpions
  11 wights
  2 howler monkeys (D:9)
  An electric eel (D:7)
  7 bullfrog zombies (Ossuary)
  7 orc priests
  2 bombardier beetles (D:4)
  7 hounds
  7 sleepcaps
  A gnoll bouda (D:7)
  5 mummies (Ossuary)
  4 iguanas
  10 orc wizards
  A killer bee zombie (Ossuary)
  2 centaur simulacra (D:9)
  3 crocodile zombies (Ossuary)
  3 hound zombies (Ossuary)
  5 howler monkey zombies (Ossuary)
  10 gnolls
  3 adders
  A shadow imp (D:5)
  A white imp (D:7)
  7 ufetubi
  2 ribbon worms (D:2)
  2 dart slugs
  37 orcs
  4 ball pythons
  A bat (D:1)
  7 endoplasms
  4 giant cockroaches
  5 goblins
  A hobgoblin (D:1)
  7 jackals
  2 quokkas (D:1)
  6 ball python zombies (Ossuary)
  9 frilled lizards
  A goblin zombie (D:6)
  14 kobolds
  4 rats
  A rat zombie (D:6)
301 creatures vanquished.

Vanquished Creatures (others)
  A gnoll (D:7)
  A white imp (D:7)
2 creatures vanquished.

Grand Total: 303 creatures vanquished

Notes
Turn   | Place    | Note
-------+----------+-------------------------------------------
     0 | D:1      | Zirda the Vampire Enchanter began the quest for the Orb.
     0 | D:1      | Reached XP level 1. HP: 13/13 MP: 3/3
   147 | D:1      | Reached skill level 5 in Stealth
   147 | D:1      | Reached XP level 2. HP: 19/19 MP: 5/5
   694 | D:2      | Gained mutation: You are afflicted with vampirism and can
                  | become a bat while bloodless. [Vampire growth]
   694 | D:2      | Reached XP level 3. HP: 11/24 MP: 6/6
   945 | D:2      | Reached skill level 6 in Stealth
  1194 | D:2      | Reached XP level 4. HP: 23/30 MP: 7/7
  1477 | D:3      | Found a faded altar of an unknown god.
  1569 | D:2      | Learned a level 2 spell: Ensorcelled Hibernation
  1573 | D:2      | Learned a level 3 spell: Confusing Touch
  1579 | D:3      | Reached skill level 7 in Stealth
  1579 | D:3      | Reached XP level 5. HP: 35/35 MP: 3/8
  1669 | D:3      | Noticed Sigmund
  1676 | D:3      | Killed Sigmund
  1677 | D:3      | Reached skill level 5 in Short Blades
  1677 | D:3      | Reached skill level 8 in Stealth
  1677 | D:3      | Reached XP level 6. HP: 33/41 MP: 4/9
  1846 | D:3      | Found a bloodstained altar of Trog.
  1854 | D:3      | Noticed a +0 hand axe
  1854 | D:3      | Noticed a +0 hand axe
  1875 | D:3      | Found a hide-covered altar of Uskayaw.
  2109 | D:4      | Reached skill level 5 in Hexes
  2299 | D:4      | Found a sparkling altar of Nemelex Xobeh.
  2488 | D:4      | Found Ucanluol's Distillery.
  2497 | D:4      | Bought a potion of heal wounds for 50 gold pieces
  2497 | D:4      | Bought a potion of curing for 30 gold pieces
  2754 | D:5      | Entered Level 5 of the Dungeon
  2758 | D:5      | Reached XP level 7. HP: 36/46 MP: 11/11
  2982 | D:5      | Noticed Grinder
  2990 | D:5      | Killed Grinder
  2997 | D:5      | Reached skill level 1 in Fighting
  3002 | D:5      | Reached XP level 8. HP: 55/55 MP: 12/14
  3105 | D:5      | Found a staircase to the Ecumenical Temple.
  3136 | D:5      | Found an opulent altar of Gozag.
  3149 | Temple   | Entered the Ecumenical Temple
  3401 | D:5      | Found a burning altar of Makhleb.
  3540 | D:5      | Reached skill level 5 in Dodging
  3566 | D:6      | Found a sand-covered staircase.
  3575 | Ossuary  | Entered an ossuary
  3981 | Ossuary  | Reached XP level 9. HP: 55/63 MP: 15/15
  4100 | D:6      | Reached skill level 9 in Stealth
  4402 | D:6      | Got the Information on Liminal Astrapomancy
  4606 | D:6      | Reached skill level 10 in Stealth
  5029 | D:7      | Reached skill level 11 in Stealth
  5186 | D:7      | Found an ancient bone altar of Kikubaaqudgha.
  5575 | D:7      | Found a sacrificial altar of Ru.
  5694 | D:8      | Reached skill level 12 in Stealth
  5887 | D:8      | Reached XP level 10. HP: 68/70 MP: 16/16
  6661 | D:8      | Found a basalt altar of Yredelemnul.
  6812 | D:9      | Found a broken altar of Ashenzari.
  6914 | D:9      | Reached skill level 5 in Spellcasting
  7137 | D:9      | Found a blossoming altar of Fedhas.
  7149 | D:9      | Reached skill level 5 in Fighting
  7180 | D:9      | Noticed Grum
  7193 | D:9      | Killed Grum
  7826 | D:10     | Entered Level 10 of the Dungeon
  7986 | D:10     | Found an iron altar of Okawaru.
  8180 | D:10     | Noticed a two-headed ogre
  8188 | D:10     | Reached XP level 11. HP: 81/81 MP: 20/20
  8195 | D:10     | Killed a two-headed ogre
  8196 | D:10     | Reached skill level 10 in Hexes
  8336 | D:10     | Noticed a two-headed ogre
  8346 | D:10     | Killed a two-headed ogre
  8347 | D:10     | Reached skill level 10 in Short Blades
  8629 | D:10     | Found a transporter.
  8634 | D:10     | Noticed a fire crab
  8741 | D:10     | Found a transporter.
  8820 | D:11     | Found a staircase to the Lair.
  8998 | D:11     | Reached skill level 13 in Stealth
  9145 | D:7      | Became a worshipper of Ru the Awakened
  9348 | D:11     | Noticed a boulder beetle
  9350 | D:11     | Killed a boulder beetle
  9356 | D:11     | Noticed a two-headed ogre
  9360 | D:11     | Killed a two-headed ogre
  9361 | D:11     | Reached skill level 14 in Stealth
  9398 | D:11     | Reached skill level 10 in Dodging
  9795 | D:12     | Noticed a boulder beetle
  9796 | D:12     | Killed a boulder beetle
  9797 | D:12     | Reached skill level 15 in Stealth
  9848 | D:12     | Noticed a brown ugly thing
  9859 | D:12     | Killed a brown ugly thing
  9940 | D:12     | Reached XP level 12. HP: 82/88 MP: 21/21
 10042 | D:12     | Noticed a boulder beetle
 10059 | D:12     | Killed a boulder beetle
 10122 | D:12     | Found a runed translucent gate.
 10380 | D:11     | Noticed a two-headed ogre
 10382 | D:11     | Noticed a boulder beetle
 10401 | D:11     | Noticed a boulder beetle
 10402 | D:11     | Killed a boulder beetle
 10402 | D:11     | Slain by a two-headed ogre

Illustrated notes

Levels and vault maps discovered:
D:1:      elethiomel_arrival_infinity_welcomes_careful_drivers, layout_basic
D:2:      layout_loops_ring, st_stairs_9
D:3:      layout_rooms, dancing_weapons_uskayaw, mainiacjoe_overflow_alcove_4,
          overflow_temple_1_default, basic_ecumenical_altar, uniq_sigmund
D:4:      layout_basic, nemelex_xobeh_ov_fountains_minmay, serial_shops,
          nicolae_lakefront_shop
D:5:      layout_rooms, makhleb_heckhound_becter, grunt_gozag_breadcrumbs,
          minmay_temple_entry_sparse_star, minmay_lizard_king, uniq_grinder
D:6:      layout_loops_cross, enter_ossuary_4
D:7:      layout_basic, mainiacjoe_overflow_paths, nicolae_overflow_squiral,
          minmay_misc_feat_room
D:8:      layout_cave_pools, nicolae_overflow_hidden_temple, grunt_tough_drop
D:9:      layout_irregular_city, mainiacjoe_overflow_alcove_2,
          nicolae_ashenzari_panopticon, serial_ice, serial_ice_l, serial_ice_m,
          serial_ice_d, serial_ice_n, serial_ice_e, serial_ice_g, minivault_10,
          uniq_grum
D:10:     gammafunk_cloud_chamber, layout_basic,
          mainiacjoe_overflow_surrounded_room
D:11:     dreamdust_cave_troll, layout_basic, minmay_lair_entry_grove
D:12:     layout_cave_pools, erik_orc_1, gammafunk_ghost_hydra_chop,
          kennysheep_generic_room_6
Temple:   dpeg_three_leaves_temple

Skill      XL: |  1  2  3  4  5  6  7  8  9 10 11 12 |
---------------+-------------------------------------+-----
Stealth        | 5 6 7 8 12 15 | 15.0
Short Blades   | 2 3 4 5 8 9 10 | 10.0
Hexes          | 6 8 9 10 | 10.0
Spellcasting   | 3 4 6 |  6.0
Fighting       | 1 3 6 |  6.0
Dodging        | 3 8 11 12 | 12.5

Action                     |  1- 3 |  4- 6 |  7- 9 | 10-12 || total
---------------------------+-------+-------+-------+-------++-------
  Melee: Dagger            |    84 |    84 |   306 |   254 ||   728
         Bite              |     8 |     5 |    32 |    30 ||    75
         Punch             |     1 |       |     2 |     5 ||     8
   Cast: Ensorcelled Hiber |       |    22 |    62 |   141 ||   225
         Confusing Touch   |       |       |    14 |    24 ||    38
    Use: Potion            |     2 |     1 |       |     1 ||     4
         Scroll            |       |       |       |    24 ||    24
   Stab: Sleeping          |    13 |    14 |    59 |    89 ||   175
         Invisible         |       |     2 |       |       ||     2
         Confused          |       |       |     9 |    16 ||    25
         Distracted        |       |       |     4 |     1 ||     5
 Armour: Robe              |    37 |    63 |   130 |    55 ||   285
         Acid dragon scale |       |       |       |   109 ||   109
  Dodge: Dodged            |    35 |    67 |   227 |   224 ||   553
